 Dungeon Crawl Stone Soup version 0.27.1-2-g3b301248ec (webtiles) character file.

Game seed: 12151613462802643764

3780 Borgoz the Protected (level 10, -16/65 HPs)
             Began as a Gargoyle Fighter on Sept 28, 2021.
             Was an Initiate of Okawaru.
             Demolished by a two-headed ogre (24 damage)
             ... on level 7 of the Dungeon.
             The game lasted 00:10:43 (10330 turns).

Borgoz the Protected (Gargoyle Fighter)            Turns: 10330, Time: 00:10:43

Health: -16/65     AC: 25    Str: 20    XL:     10   Next: 16%
Magic:  10/10      EV:  9    Int: 15    God:    Okawaru [......]
Gold:   255        SH: 10    Dex: 12    Spells: 9/9 levels left

rFire    . . .     SeeInvis .   a - +2 flail (protect)
rCold    . . .     Faith    .   c - +0 kite shield
rNeg     + + .     Spirit   .   b - +0 scale mail
rPois    ∞         Reflect  .   k - +0 helmet
rElec    +         Harm     .   p - +0 cloak
rCorr    .         Rampage  .   (no gloves)
Will     .....                  (no boots)
Stlth    ..........             g - amulet of the acrobat
HPRegen  0.20/turn              u - +6 ring of intelligence
MPRegen  0.12/turn              w - ring of positive energy

@: mighty, under a protective aura
A: sickness immunity, AC +7, negative energy resistance 1, electricity
resistance, torment resistance 1, petrification resistance
a: Renounce Religion


You were on level 7 of the Dungeon.
You worshipped Okawaru.
Okawaru was noncommittal.
You visited 2 branches of the dungeon, and saw 8 of its levels.

You collected 300 gold pieces.
You spent 45 gold pieces at shops.

Inventory:

Hand Weapons
 a - a +2 flail of protection (weapon)
Armour
 b - a +0 scale mail (worn)
 c - a +0 kite shield (worn)
 k - a +0 helmet (worn)
 p - a +0 cloak (worn)
Jewellery
 g - an amulet of the acrobat (around neck)
 u - a +6 ring of intelligence (left hand)
 w - a ring of positive energy (right hand)
Wands
 s - a wand of iceblast (4)
 y - a wand of paralysis (9)
 z - a wand of acid (13)
Scrolls
 d - a scroll of amnesia {unknown}
 h - 2 scrolls of enchant weapon {unknown}
 i - a scroll of torment {unknown}
 j - 4 scrolls of blinking {unknown}
 m - 3 scrolls of teleportation
 o - 4 scrolls of noise {unknown}
 q - a scroll of magic mapping
 r - a scroll of immolation {unknown}
 t - a scroll of enchant armour {unknown}
 v - a scroll of fear {unknown}
Potions
 e - 2 potions of flight {unknown}
 f - a potion of cancellation
 n - 2 potions of curing


   Skills:
 * Level 8.4 Fighting
 * Level 7.4 Maces & Flails
 * Level 8.5 Armour
 + Level 3.9 Dodging
 + Level 1.1 Stealth
 + Level 6.3 Shields
 + Level 0.8 Evocations


You had 9 spell levels left.
You didn't know any spells.
Your spell library contained the following spells:

 Spells                   Type           Power      Damage    Failure   Level
 Freezing Cloud           Conj/Ice/Air   0%         6-21      100%        5
 Simulacrum               Ice/Necr       0%         N/A       100%        6
 Polar Vortex             Ice            0%         N/A       100%        9


Dungeon Overview and Level Annotations

Branches:
Dungeon (7/15)             Temple (1/1) D:5

Altars:
Ashenzari
Cheibriados
Dithmenos
Elyvilon
Fedhas
Gozag
Hepliaklqana
Kikubaaqudgha
Makhleb
Nemelex Xobeh
Okawaru
Qazlal
Ru
Sif Muna
Trog
Vehumet
Wu Jian
Xom
Yredelemnul
Zin
The Shining One

Shops:
D:3 ?


Innate Abilities, Weirdness & Mutations

You are immune to sickness and miasma.
Your stone body is resilient. (AC +7)
You are immune to poison.
You resist negative energy. (rN+)
You are resistant to electric shocks. (rElec)
You are resistant to unholy torment.
You are immune to petrification.


Message History

Done exploring.
(D) Dungeon (T) Temple
Where to? (Enter - D:6, ? - help)
You climb downwards.
There is a stone staircase leading up here.
Done exploring.
Done exploring.
Done exploring.
(D) Dungeon (T) Temple
Where to? (Enter - D:6, ? - help)
You see here a +0 chain mail.
Things that are here:
15 stones; a +0 short sword
There is a stone staircase leading down here.
You climb downwards.
There is a stone staircase leading up here.
A two-headed ogre is nearby!
You hit the two-headed ogre.
Your weapon exudes an aura of protection.
The two-headed ogre is lightly wounded.
The two-headed ogre hits you with a +0 giant club!
You block the two-headed ogre's attack.
You feel very mighty all of a sudden.
The two-headed ogre hits you with a +0 giant club!!
You block the two-headed ogre's attack.
You closely miss the two-headed ogre.
The two-headed ogre is lightly wounded.
The two-headed ogre hits you with a +0 giant club!
* * * LOW HITPOINT WARNING * * *
You block the two-headed ogre's attack.
You barely miss the two-headed ogre.
The two-headed ogre is lightly wounded.
You block the two-headed ogre's attack.
The two-headed ogre hits you with a +1 dire flail of protection!
* * * LOW HITPOINT WARNING * * *
You hit the two-headed ogre.
Your weapon exudes an aura of protection.
The two-headed ogre is lightly wounded.
The two-headed ogre hits you with a +0 giant club!!
You die...

.#..##.##..###........O)#..#####.
....##.##..###.#O#######))..####.
.##...............# ##........
.......###..#..#..# #...#####
######## #..#..#..# #...# ..#
#........# #...#####
#.#########.#.#.#.# #........
#.##......#.#.#.#.#######O..####.
#†##..<...#.....@O...............
#.##..........#.#........[.......
#.##......#####.##...............
..##......# ##.#########........
####......# #..# #...#####
#......## #.## #...# ##.####.#
#.## #...### #.....#.#####..##
#.[...#
#..##...........########...#.#


You could see a two-headed ogre.

Vanquished Creatures
  A deep elf zephyrmancer (D:7)
  2 wyverns (D:7)
  A steam dragon (D:7)
  Menkaure (D:6)
  4 water moccasins
  An orc warrior (D:6)
  2 sky beasts
  3 ice beasts
  2 ogres
  2 black bears (D:7)
  2 phantoms
  A bullfrog (D:7)
  3 scorpions
  2 water moccasin skeletons
  A centaur zombie (D:5)
  2 bullfrog zombies
  A jelly (D:4)
  4 hounds
  3 orc priests
  A bullfrog skeleton (D:6)
  3 gnoll shamans
  An iguana (D:5)
  5 orc wizards
  2 hound skeletons
  20 gnolls
  4 adders
  A shadow imp (D:7)
  An adder skeleton (D:4)
  3 worms
  4 dart slugs
  25 orcs
  5 bats
  9 endoplasms
  3 giant cockroaches
  12 goblins
  6 hobgoblins
  5 jackals (D:2)
  7 kobolds
  4 quokkas
  10 ball pythons
  A frilled lizard (D:2)
  10 rats
  A toadstool (D:1)
181 creatures vanquished.

Vanquished Creatures (others)
  A plant (D:3)
  3 toadstools (D:1)
4 creatures vanquished.

Grand Total: 185 creatures vanquished

Notes
Turn   | Place    | Note
-------+----------+-------------------------------------------
     0 | D:1      | Borgoz the Gargoyle Fighter began the quest for the Orb.
     0 | D:1      | Reached XP level 1. HP: 14/14 MP: 1/1
   203 | D:1      | Reached XP level 2. HP: 16/19 MP: 2/2
   899 | D:1      | Reached XP level 3. HP: 23/23 MP: 3/3
  1543 | D:2      | Found a faded altar of an unknown god.
  1884 | D:2      | Reached XP level 4. HP: 26/29 MP: 4/4
  3083 | D:3      | Found Awnish's Magic Scroll Emporium.
  3123 | D:3      | Bought a scroll of magic mapping for 45 gold pieces
  3311 | D:3      | Reached skill level 1 in Dodging
  3575 | D:3      | Reached XP level 5. HP: 33/33 MP: 5/5
  4098 | D:4      | Noticed an ogre
  4110 | D:4      | Killed an ogre
  4111 | D:4      | Reached XP level 6. HP: 11/39 MP: 6/6
  4359 | D:4      | Found a burning altar of Makhleb.
  4366 | D:4      | Found a shadowy altar of Dithmenos.
  4366 | D:4      | Found a blossoming altar of Fedhas.
  4378 | D:4      | Noticed a water moccasin
  4379 | D:4      | Found a snail-covered altar of Cheibriados.
  4404 | D:4      | Killed a water moccasin
  4667 | D:4      | Found an ancient bone altar of Kikubaaqudgha.
  4822 | D:4      | Reached skill level 5 in Armour
  4977 | D:4      | Reached skill level 5 in Fighting
  4977 | D:4      | Reached XP level 7. HP: 29/44 MP: 7/7
  5500 | D:5      | Entered Level 5 of the Dungeon
  6107 | D:5      | Found a staircase to the Ecumenical Temple.
  6123 | D:5      | Reached XP level 8. HP: 8/51 MP: 8/8
  6502 | D:5      | Reached skill level 5 in Maces & Flails
  7255 | D:5      | Reached skill level 5 in Shields
  7772 | D:6      | Noticed Menkaure
  7779 | D:6      | Killed Menkaure
  7780 | D:6      | Reached XP level 9. HP: 53/57 MP: 9/9
  9334 | D:7      | Reached XP level 10. HP: 47/64 MP: 10/10
  9496 | D:7      | Noticed a deep elf zephyrmancer
  9517 | D:7      | Killed a deep elf zephyrmancer
  9518 | D:7      | Reached skill level 1 in Stealth
  9758 | D:7      | Noticed a two-headed ogre
 10123 | Temple   | Entered the Ecumenical Temple
 10214 | Temple   | Became a worshipper of Warmaster Okawaru
 10330 | D:7      | Demolished by a two-headed ogre

Illustrated notes

Levels and vault maps discovered:
D:1:      ldierk_water_garden, layout_basic, minmay_misc_feat_room
D:2:      minmay_evil_eye, layout_basic, dreamdust_ecumenical_altar_grove
D:3:      layout_basic, serial_shops, shop_scrolls, saegor_snake_ambush
D:4:      layout_cave_pools, minmay_overflow_temple_star_hex
D:5:      layout_loops_ring, minmay_temple_entry_glassed_door
D:6:      layout_basic, uniq_menkaure
D:7:      layout_loops_cross, guppyfry_early_elven_hall
Temple:   lightli_temple_of_artemis

Skill      XL: |  1  2  3  4  5  6  7  8  9 10 |
---------------+-------------------------------+-----
Fighting       | 4 5 7 8 |  8.4
Armour         | 4 5 7 8 |  8.5
Maces & Flails | 3 4 6 7 |  7.4
Dodging        | 1 2 3 |  3.9
Shields        | 4 5 6 |  6.3
Stealth        | 1 |  1.1
Evocations     | |  0.8

Action                   |  1- 3 |  4- 6 |  7- 9 | 10-12 || total
-------------------------+-------+-------+-------+-------++-------
Melee: Flail             |   146 |   201 |   466 |    23 ||   836
Evoke: Wand              |       |       |     3 |       ||     3
  Use: Potion            |       |     1 |     4 |     2 ||     7
       Scroll            |       |       |     6 |     2 ||     8
 Stab: Invisible         |       |       |     1 |     1 ||     2
Armor: Scale mail        |   100 |   116 |   291 |     5 ||   512
Dodge: Dodged            |    51 |    73 |   177 |    11 ||   312
Block: Kite shield       |    55 |   123 |   287 |     9 ||   474
